AoeStats
← smartjanc

Migration

507972743Analyzed
1v1 RM · 12d ago on Sep 20, 2026· 26m 53s· 2 players
Game mode
Random Map
Map size
132×132
Population
200
Speed
Normal
Resources
Standard
Victory
Conquest
Starting age
Dark Age
Ending age
Imperial Age
RankedLock teamsTeams togetherTeam positionsShared explorationLock speedFull tech treeHidden civsTurbo modeCheats
Victory
Defeat
🇺🇸 Sicilians · United States
208
+14
🇵🇹 Portuguese · Portugal
158
-14
Tseet258
10:41 Feudal Age
11:59 Horse Collar
12:08 Double-Bit Axe
21:00 Castle Age
20:51 Stone Mining
smartjanc
0:35 Loom
13:53 Feudal Age
14:20 Fishing Lines
14:31 Double-Bit Axe
15:23 Wheelbarrow
14:31 Horse Collar
15:00 Town Watch
Connection lost

Rejoining the realm…

Still unreachable

The connection could not be restored.

Session expired

The server has moved on; the page needs a fresh start.